Map: Ley Lines

Players

LigerMaNN - Winner!

  • Race: Zerg Zerg
  • League: Diamond
  • Spawn Location: 1:00

Bessie

  • Race: Zerg Zerg
  • League: Master
  • Spawn Location: 7:00

VOD

Have the link to the VOD?

Description

Time

  • Played on: June 26, 2025, 1:46 a.m.
  • Length: 13:30
Show
View Real Time Build Order
Export as new Build Order

LigerMaNN Zerg - Winner!

Build Orders: Hatch First 

Get SALT Encoding   

  12  0:01  Drone  
  13  0:16  Overlord  
  13  0:17  Drone  
  14  0:35  Drone  
  14  0:36  Drone  
  14  0:38  Drone  
  17  0:51  Hatchery  
  17  0:55  Drone  
  17  1:00  Drone  
  18  1:09  Extractor  
  17  1:15  Spawning Pool  
  17  1:17  Drone  
  17  1:21  Drone  
  18  1:32  Drone  
  19  1:42  Drone  
  20  1:53  Drone  
  21  2:07  Overlord  
  22  2:08  Zergling x2  
  22  2:09  Queen x2  
  22  2:14  Metabolic Boost  
  26  2:15  Drone  
  27  2:32  Hatchery  
  26  2:45  Drone x3  
  26  2:46  Drone x2  
  31  3:07  Overlord x2  
  31  3:08  Baneling Nest  
  31  3:09  Overlord  
  30  3:24  Queen  
  32  3:29  Zergling x10  
  32  3:32  Zergling x2  
  38  3:43  Zergling x8  
  38  3:44  Zergling x2  
  42  4:01  Zergling x14  
  46  4:16  Drone  
  51  4:17  Drone x5  
  51  4:22  Evolution Chamber  
  51  4:32  Drone x4  
  51  4:35  Extractor  
  54  4:43  Roach Warren  
  53  4:48  Zerg Missile Weapons Level 1  
  53  4:50  Lair  
  52  4:56  Drone  
  52  4:57  Drone, Evolution Chamber  
  52  4:59  Drone  
  54  5:24  Zerg Ground Armor Level 1  
  54  5:26  Drone x2  
  54  5:27  Drone x2  
  58  5:30  Overlord x4  
  58  5:48  Glial Reconstitution  
  58  5:50  Drone x7  
  58  5:51  Drone x4  
  65  6:24  Extractor, Roach x13  
  65  6:25  Extractor  
  85  6:46  Zerg Missile Weapons Level 2  
  80  7:14  Roach x6  
  89  7:16  Overlord x8  
  89  7:27  Overseer  
  89  7:34  Roach  
  91  7:52  Roach x14  
  91  7:53  Roach  
  91  7:54  Roach  
  123  8:05  Roach x4  
  129  8:19  Roach x7  
  127  8:33  Roach  
  127  8:34  Roach x5  
  129  8:49  Drone  
  129  8:50  Drone x9  
  129  8:53  Extractor  
  132  9:03  Drone x3  
  132  9:07  Ravager x6  
  141  9:20  Burrow  
  141  9:23  Tunneling Claws  
  141  9:38  Overlord x5  
  141  9:39  Overlord x6  
  141  9:40  Overlord x2  
  141  10:00  Roach  
  141  10:01  Roach x11  
  151  10:22  Roach x10  
  151  10:23  Roach  
  151  10:26  Zerg Ground Armor Level 2  
  167  11:01  Roach  
  167  11:02  Roach x15  
  197  11:05  Roach x2  
  197  11:06  Roach x4  
  197  11:07  Roach  
  197  11:08  Roach x2  
  197  11:30  Roach  
  199  11:33  Ravager  
  196  11:42  Roach x2  
  139  12:57  Roach x18  
  125  13:00  Roach x17  
  125  13:01  Roach x8  
Show
View Real Time Build Order
Export as new Build Order

Bessie Zerg 

Build Orders: Hatch First 

Get SALT Encoding   

  12  0:07  Drone  
  13  0:14  Drone  
  13  0:19  Extractor  
  13  0:20  Drone  
  15  0:22  Overlord  
  15  0:48  Drone  
  16  0:50  Hatchery  
  16  0:51  Drone  
  16  0:55  Drone  
  17  1:03  Drone  
  18  1:15  Spawning Pool  
  18  1:18  Extractor  
  16  1:19  Drone  
  17  1:28  Drone  
  18  1:42  Drone  
  19  1:48  Drone  
  20  2:02  Queen  
  20  2:03  Queen  
  20  2:04  Drone x2  
  26  2:10  Roach Warren  
  26  2:12  Drone  
  26  2:18  Extractor  
  26  2:20  Overlord  
  25  2:38  Lair  
  25  2:57  Roach x3  
  25  2:58  Roach  
  33  2:59  Roach  
  35  3:14  Evolution Chamber  
  35  3:16  Overlord x2  
  34  3:41  Drone x7  
  41  3:51  Roach  
  43  3:59  Evolution Chamber  
  40  4:09  Drone x3  
  35  4:13  Roach  
  35  4:14  Roach  
  41  4:24  Roach  
  41  4:29  Glial Reconstitution  
  41  4:33  Drone  
  41  4:35  Drone x2  
  44  4:44  Zerg Missile Weapons Level 1  
  44  4:45  Zerg Ground Armor Level 1  
  44  5:00  Overlord, Extractor  
  44  5:01  Overlord x2, Extractor  
  44  5:02  Roach  
  44  5:18  Baneling Nest, Metabolic Boost  
  43  5:26  Drone x5  
  43  5:27  Drone x3  
  51  5:34  Roach x2  
  55  5:52  Roach x4  
  55  5:53  Roach  
  55  5:56  Drone  
  66  6:14  Ravager  
  66  6:16  Overlord  
  66  6:17  Overlord x4  
  67  6:24  Roach x2  
  56  6:38  Zergling x2, Roach x4  
  65  6:52  Roach x3  
  67  6:55  Hatchery  
  65  7:23  Zergling x8  
  65  7:24  Zergling x6, Roach x5  
  82  7:35  Hatchery  
  81  7:37  Zerg Ground Armor Level 2  
  81  7:38  Zerg Melee Weapons Level 1  
  81  7:54  Roach x2  
  81  7:55  Zergling x2, Roach x3  
  91  8:17  Zergling x4, Roach x4  
  91  8:18  Zergling x2, Roach  
  92  8:48  Zergling x6, Roach x4  
  101  8:57  Drone x4  
  105  9:03  Ravager x4  
  105  9:04  Ravager x3  
  105  9:06  Overseer  
  112  9:11  Drone  
  112  9:12  Drone  
  112  9:14  Overlord x4  
  114  9:39  Drone x2, Roach  
  114  9:42  Queen  
  120  9:45  Centrifugal Hooks  
  120  9:48  Zerg Melee Weapons Level 2  
  120  9:49  Zergling x2, Roach x2  
  120  9:50  Zergling x4, Roach x3  
  127  10:18  Drone x7  
  127  10:19  Drone x4  
  134  10:32  Extractor  
  134  10:34  Extractor  
  132  10:51  Zergling x10, Roach x2  
  132  11:12  Infestation Pit  
  112  11:50  Hive  
  112  11:52  Pneumatized Carapace  
  112  11:56  Overseer  
  112  12:02  Drone x5  
  112  12:03  Drone x8  
  112  12:04  Drone  
  107  12:40  Zergling x4, Roach  
  107  12:41  Zergling x4, Roach x3  
  79  13:10  Zergling x2, Roach  
  79  13:11  Zergling x2, Roach x2  
Tags
 
Matchup
ZvZ
Race
Zerg
Replay Pack
June 2025
Spawn Locations
Cross Positions
Add a new tag
Caveats
  • Supply blocks, unpowered buildings, or Contaminate may cause inaccurate times.
  • Supply counts are checked every 10 seconds.